 Dungeon Crawl Stone Soup version 0.20.1-1-g8b1a95d (webtiles) character file.

79258 Mitsuki the Geomancer (level 15, -8/92 HPs)
             Began as a Gargoyle Earth Elementalist on Sept 30, 2017.
             Was a High Priest of Vehumet.
             Mangled by a large abomination (25 damage)
             ... on level 2 of the Abyss on Oct 1, 2017.
             The game lasted 03:40:56 (37190 turns).

Mitsuki the Geomancer (GrEE)                       Turns: 37190, Time: 03:40:57

Health: -8/92      AC: 20    Str: 10    XL:     15   Next: 63%
Magic:  23/28      EV: 14    Int: 28    God:    Vehumet [*****.]
Gold:   2139       SH:  4    Dex: 10    Spells: 12/33 levels left

rFire    . . .     SeeInvis .   d - +11 flail "Zaptin" {crush, rC++}
rCold    + + .     Gourm    .   w - +0 buckler
rNeg     + . .     Faith    .   R - +0 troll leather armour
rPois    ∞         Spirit   .   O - +1 hat
rElec    +         Reflect  .   c - +0 cloak
rCorr    .         Harm     .   k - +0 pair of gloves
MR       +....                  C - +0 pair of boots
Stlth    ++........             i - amulet of magic regeneration
Regen    0.7/turn               U - +4 ring of intelligence
MPRegen  0.4/turn               T - +2 ring of intelligence

@: flying
A: big wings, mutation resistance 1, negative energy resistance 1, electricity
resistance, weak 1, unbreathing, petrification resistance, rot immunity, AC +11
a: Stop Flying, Renounce Religion


You were on level 2 of the Abyss.
You worshipped Vehumet.
Vehumet was extremely pleased with you.
You were very hungry.

You visited 5 branches of the dungeon, and saw 21 of its levels.
You visited the Abyss 1 time.
You also visited: Labyrinth.

You collected 2398 gold pieces.
You spent 259 gold pieces at shops.

Inventory:

Hand Weapons
 d - the +11 flail "Zaptin" (weapon) {crush, rC++}
   (You found it on level 6 of the Lair of Beasts)

   It inflicts extra damage upon your enemies.
   It greatly protects you from cold.
Missiles
 h - 12 stones (quivered)
Armour
 b - a +2 robe of magic resistance
 c - a +0 cloak (worn)
 e - a +2 robe of fire resistance
 k - a +0 pair of gloves (worn)
 w - a +0 buckler (worn)
 C - a +0 pair of boots (worn)
 O - a +1 hat (worn)
 R - a +0 troll leather armour (worn)
Jewellery
 i - an amulet of magic regeneration (around neck)
 z - an uncursed ring of see invisible
 T - a +2 ring of intelligence (right hand)
 U - a +4 ring of intelligence (left hand)
Wands
 f - a wand of confusion (31/48)
 Y - a wand of iceblast (3/15)
Scrolls
 g - a scroll of enchant weapon
 j - a scroll of holy word {unknown}
 q - 8 scrolls of teleportation
 A - a scroll of blinking
 G - 3 scrolls of fog
 Q - a scroll of magic mapping
Potions
 m - 2 potions of cancellation
 p - 4 potions of brilliance
 s - 5 potions of might
 I - 2 potions of invisibility
 J - a potion of curing
 L - 2 potions of ambrosia
 N - 4 potions of magic
Miscellaneous
 v - a fan of gales
Comestibles
 a - 8 meat rations
 l - a royal jelly
 x - 2 bread rations


   Skills:
 + Level 9.8 Fighting
 + Level 9.1 Maces & Flails
 - Level 5.0 Armour
 + Level 7.8 Dodging
 - Level 2.1 Stealth
 - Level 4.0 Shields
 + Level 9.9 Spellcasting
 + Level 11.6 Conjurations
   Level 0.7 Transmutations
 + Level 8.6 Fire Magic
 + Level 13.0 Earth Magic
 + Level 8.2 Evocations


You had 12 spell levels left.
You knew the following spells:

 Your Spells              Type           Power        Failure   Level  Hunger
a - Iron Shot             Conj/Erth      ######....   1%          6    #####..
b - Stone Arrow           Conj/Erth      ######       1%          3    None
c - Lee's Rapid Deconstr  Erth           ######....   1%          5    ####...
d - Flame Tongue          Conj/Fire      #####        1%          1    None
e - Bolt of Magma         Conj/Fire/Erth ######....   1%          5    ####...
f - Sandblast             Erth           ######       1%          1    None


Dungeon Overview and Level Annotations

Branches:
Dungeon (11/15)            Temple (1/1) D:4            Lair (6/6) D:10
 Shoals (0/4) Lair:2        Snake (1/4) Lair:2        Slime (0/5) Lair:6
    Orc (2/2) D:11            Elf (0/3) Orc:2

Altars:
Ashenzari
Cheibriados
Dithmenos
Elyvilon
Fedhas
Gozag
Hepliaklqana
Kikubaaqudgha
Makhleb
Nemelex Xobeh
Okawaru
Qazlal
Ru
Sif Muna
Trog
Uskayaw
Vehumet
Xom
Yredelemnul
Zin
The Shining One

Shops:
D:8 ?   Orc:2 ?}?[   Snake:1 [

Portals:
Pandemonium: Orc:2

Annotations:
Snake:1 Louise


Innate Abilities, Weirdness & Mutations

You are resistant to torment.
Your stone body is resilient. (AC +11)
You are immune to poison.
Your large and strong wings let you fly indefinitely.
You resist negative energy. (rN+)
You are resistant to electric shocks. (rElec)
You can survive without breathing.
You are immune to petrification.
You are immune to rotting.
You are somewhat resistant to further mutation.
You are weak. (Str -2)


Message History

The white imp gestures at you. The puff of frost misses you.
Found 13 arrows.
You start resting.
You closely miss the white imp. The white imp barely misses you.
You hit the white imp.
The white imp is heavily wounded.
The white imp barely misses you.
You sock the white imp!
You kill the white imp!
Vehumet accepts your kill.
You feel your power returning.
You hit the large abomination.
The large abomination is lightly damaged.
The large abomination hits you.
* * * LOW HITPOINT WARNING * * *
You hit the large abomination but do no damage.
The large abomination is lightly damaged.
The large abomination hits you!!
You die...

# ## #. #.. ##.#
..# .#.## ..# #
...## .#
##..#...# #≈≈≈
#.##X#..# . ≈≈
#..@#...# # ♣
#...###.#.#.≈≈#
.....###.
5#.#≈≈≈# (.##
.#.#..# ≈≈≈. #
##. .
#......#.#≈≈..##
. u ...#### X≈≈
###...# # # ≈
.#....# #
#.≈≈#.##.5 .
#.≈≈.# .#. #


You could see a large abomination.

Vanquished Creatures
  Gastronok (Lair:1)
  An orc warlord (Orc:1)
  A stone giant (Orc:1)
  A minotaur (Lab)
  A great orb of eyes (Abyss:2)
  A naga warrior (Snake:1)
  8 hydras
  3 two-headed ogres
  10 death yaks (Lair:5)
  An anaconda (Snake:1)
  Urug (Lair:3)
  2 orc high priests
  A sun demon (Orc:2)
  14 spriggans
  2 infernal demonspawn (Orc:2)
  A torturous demonspawn (Orc:2)
  A large abomination (Abyss:2)
  10 orc sorcerers (Orc:2)
  3 mana vipers (Snake:1)
  5 orc knights
  A cyclops (D:9)
  12 elephants
  An oklob plant (Lair:1)
  2 rust devils
  2 smoke demons
  A naga mage (Snake:1)
  7 black mambas
  A torpor snail (Lair:4)
  8 spiny frogs
  3 rime drakes
  An ice devil (Orc:2)
  2 komodo dragons
  9 trolls
  6 polar bears
  Grinder (D:5)
  4 hornets
  Prince Ribbit (D:5)
  6 blink frogs
  9 hippogriffs
  4 dream sheep (Lair:3)
  A ynoxinul (Orc:2)
  A basilisk (Lair:1)
  A vampire (D:11)
  3 wyverns
  34 yaks
  A chaos spawn (Orc:2)
  A neqoxec (Orc:2)
  6 hungry ghosts
  Menkaure (D:4)
  7 wargs
  Edmund (D:5)
  2 nagas (Snake:1)
  9 water moccasins
  11 porcupines
  Duvessa (D:5)
  2 hell hounds (D:10)
  3 sky beasts
  A hornet zombie (D:9)
  36 orc warriors
  2 eyes of draining
  4 black bears
  4 ice beasts
  A necrophage (D:6)
  14 ogres
  2 phantoms
  18 wolves
  6 centaurs
  3 boggarts
  18 crocodiles
  A big kobold (D:6)
  13 bullfrogs
  An earth elemental (Lab)
  A gnoll sergeant (D:11)
  Dowan (D:5)
  A small abomination (Abyss:2)
  A water moccasin skeleton (D:10)
  7 killer bees
  An electric eel (Lair:4)
  23 wights
  A howler monkey (D:4)
  5 crimson imps
  8 hounds
  12 jellies
  A centaur skeleton (D:7)
  22 orc priests
  5 bullfrog skeletons
  21 orc wizards
  2 iguanas
  14 worker ants
  2 hound skeletons
  A worker ant zombie (D:10)
  8 gnolls
  15 adders
  4 shadow imps
  A white imp (Abyss:2)
  18 oozes
  An adder zombie (D:9)
  An adder skeleton (D:9)
  2 worms
  2 dart slugs (D:1)
  6 leopard geckos
  94 orcs
  9 bats
  3 giant cockroaches
  13 goblins
  5 hobgoblins
  5 jackals
  15 kobolds
  8 quokkas
  3 ball pythons
  8 frilled lizards
  6 rats
  A bush (Lair:5)
  5 fungi
  A plant (Lair:1)
721 creatures vanquished.

Vanquished Creatures (others)
  A crocodile (Lair:6)
  18 fungi
  8 plants
27 creatures vanquished.

Grand Total: 748 creatures vanquished

Notes
Turn   | Place    | Note
-------+----------+-------------------------------------------
     0 | D:1      | Mitsuki the Gargoyle Earth Elementalist began the quest for the Orb.
     0 | D:1      | Reached XP level 1. HP: 10/10 MP: 3/3
   572 | D:1      | Reached XP level 2. HP: 10/15 MP: 3/5
   978 | D:1      | Reached skill level 4 in Earth Magic
  2046 | D:2      | Reached XP level 3. HP: 19/19 MP: 7/7
  2062 | D:1      | Learned a level 3 spell: Stone Arrow
  3396 | D:2      | Reached skill level 1 in Conjurations
  3396 | D:2      | Reached XP level 4. HP: 23/24 MP: 6/8
  3951 | D:3      | Found a blossoming altar of Fedhas.
  4066 | D:3      | Reached skill level 5 in Earth Magic
  4118 | D:3      | Reached XP level 5. HP: 19/28 MP: 8/10
  4219 | D:3      | Found a glowing golden altar of the Shining One.
  4862 | D:3      | Learned a level 5 spell: Lee's Rapid Deconstruction
  4899 | D:4      | Noticed Menkaure
  4910 | D:4      | Killed Menkaure
  4910 | D:4      | Reached XP level 6. HP: 22/32 MP: 7/11
  5020 | D:4      | Found a staircase to the Ecumenical Temple.
  5027 | Temple   | Entered the Ecumenical Temple
  5046 | Temple   | Became a worshipper of Vehumet
  5824 | D:4      | Reached skill level 6 in Earth Magic
  6018 | D:5      | Entered Level 5 of the Dungeon
  6191 | D:5      | Reached XP level 7. HP: 36/36 MP: 10/13
  6238 | D:5      | Noticed Duvessa
  6239 | D:5      | Found a bloodstained altar of Trog.
  6239 | D:5      | Noticed Dowan
  6721 | D:5      | Killed Duvessa
  6865 | D:5      | Reached skill level 5 in Spellcasting
  6936 | D:5      | Noticed Grinder
  6948 | D:5      | Killed Grinder
  6948 | D:5      | Reached skill level 5 in Conjurations
  6948 | D:5      | Reached skill level 7 in Earth Magic
  6948 | D:5      | Reached XP level 8. HP: 34/41 MP: 6/16
  7129 | D:5      | Noticed Prince Ribbit
  7136 | D:5      | Killed Prince Ribbit
  7372 | D:5      | Noticed Edmund
  7383 | D:5      | Killed Edmund
  7383 | D:5      | Reached skill level 1 in Fighting
  7383 | D:5      | Reached skill level 1 in Maces & Flails
  7383 | D:5      | Reached skill level 1 in Armour
  7383 | D:5      | Reached skill level 1 in Evocations
  7846 | D:5      | Killed Dowan
  8679 | D:6      | Reached XP level 9. HP: 44/48 MP: 15/17
  8749 | D:6      | Found a shattered altar of Ashenzari.
  8821 | D:6      | Reached skill level 1 in Shields
  9092 | D:6      | Reached * piety under Vehumet
  9092 | D:6      | Offered knowledge of Flame Tongue by Vehumet.
  9095 | D:6      | Learned a level 1 spell: Flame Tongue
  9337 | D:6      | Found an iron altar of Okawaru.
  9797 | D:6      | Reached skill level 1 in Fire Magic
  9797 | D:6      | Reached skill level 8 in Earth Magic
 11727 | D:7      | Found a bloodstained altar of Trog.
 11775 | D:7      | Reached ** piety under Vehumet
 11779 | D:7      | Offered knowledge of Magic Dart by Vehumet.
 11957 | D:6      | Noticed a rust devil
 11957 | D:6      | Noticed a rust devil
 12640 | D:7      | Reached XP level 10. HP: 50/56 MP: 13/19
 13215 | D:7      | Killed a rust devil
 13643 | D:7      | Gained mutation: You have a beak for a mouth. [mutagenic meat]
 13644 | D:7      | Gained mutation: You tend to lose your temper in combat. [mutagenic meat]
 13645 | D:7      | Gained mutation: You are partially covered in yellow scales. (AC +2) [mutagenic meat]
 13646 | D:7      | Gained mutation: You can translocate small distances at will. [mutagenic meat]
 13647 | D:7      | Gained mutation: You have a pair of small horns on your head. [mutagenic meat]
 14139 | D:8      | Found Eruthrookk's Magic Scroll Shoppe.
 14191 | D:8      | Bought a scroll of magic mapping for 49 gold pieces
 14282 | D:8      | Offered knowledge of Throw Flame by Vehumet.
 14501 | D:8      | Found a burning altar of Makhleb.
 14998 | D:9      | Reached *** piety under Vehumet
 15005 | D:9      | Noticed a cyclops
 15942 | D:9      | Offered knowledge of Force Lance by Vehumet.
 16038 | D:9      | Reached skill level 9 in Earth Magic
 16258 | D:8      | Reached XP level 11. HP: 62/62 MP: 21/21
 16357 | D:9      | Killed a cyclops
 16534 | D:9      | Noticed a two-headed ogre
 16889 | D:9      | Found a sacrificial altar of Ru.
 16900 | D:9      | Found a stormy altar of Qazlal.
 16939 | D:9      | Killed a two-headed ogre
 16962 | D:9      | Noticed a two-headed ogre
 16969 | D:9      | Killed a two-headed ogre
 16969 | D:9      | Reached skill level 5 in Fighting
 16969 | D:9      | Reached skill level 5 in Armour
 17179 | D:10     | Entered Level 10 of the Dungeon
 17557 | D:10     | Found a staircase to the Lair.
 17678 | D:10     | Reached **** piety under Vehumet
 18126 | D:10     | Offered knowledge of Iskenderun's Mystic Blast by Vehumet.
 18227 | D:10     | Reached skill level 5 in Maces & Flails
 18507 | D:10     | Gained mutation: You are weak. (Str -2) [mutagenic meat]
 19438 | Lair:1   | Entered Level 1 of the Lair of Beasts
 19735 | Lair:1   | Noticed a four-headed hydra
 20015 | Lair:1   | Noticed Gastronok
 20036 | Lair:1   | Killed Gastronok
 20036 | Lair:1   | Reached ***** piety under Vehumet
 20036 | Lair:1   | Offered knowledge of Throw Icicle by Vehumet.
 20036 | Lair:1   | Reached skill level 5 in Dodging
 20036 | Lair:1   | Reached skill level 10 in Earth Magic
 20036 | Lair:1   | Reached XP level 12. HP: 69/69 MP: 23/23
 20067 | Lair:1   | Killed a four-headed hydra
 20067 | Lair:1   | Reached skill level 5 in Evocations
 20468 | Lair:1   | Reached skill level 5 in Fire Magic
 20893 | Lair:1   | Noticed an eight-headed hydra
 20900 | Lair:1   | Killed an eight-headed hydra
 21926 | Lair:2   | Found a staircase to the Shoals.
 22148 | Lair:2   | Found a staircase to the Snake Pit.
 22549 | Lair:3   | Noticed a six-headed hydra
 22555 | Lair:3   | Killed a six-headed hydra
 22643 | Lair:3   | Noticed Urug
 22661 | Lair:3   | Killed Urug
 23522 | Lair:3   | Reached XP level 13. HP: 76/76 MP: 22/25
 24808 | Lair:4   | Offered knowledge of Bolt of Magma by Vehumet.
 24815 | Lair:4   | Learned a level 5 spell: Bolt of Magma
 25672 | Lair:5   | Reached skill level 11 in Earth Magic
 26319 | Lair:6   | Entered Level 6 of the Lair of Beasts
 26712 | Lair:6   | Got a jewelled flail
 26837 | Lair:1   | Identified the +11 flail "Zaptin" {crush, rC++} (You found it on level 6 of the Lair of Beasts)
 27393 | Lair:5   | Reached skill level 10 in Conjurations
 27775 | Lair:6   | Gained mutation: Your large and strong wings let you fly indefinitely. [Gargoyle growth]
 27775 | Lair:6   | Reached XP level 14. HP: 81/84 MP: 14/26
 28092 | Lair:6   | Offered knowledge of Freezing Cloud by Vehumet.
 28615 | Lair:6   | Found a shimmering altar of Xom.
 28749 | Lair:6   | Found a staircase to the Slime Pits.
 28992 | Lair:6   | Reached skill level 12 in Earth Magic
 29759 | Lair:1   | Lost mutation: You can translocate small distances at will. [potion of mutation]
 29759 | Lair:1   | Lost mutation: You tend to lose your temper in combat. [potion of mutation]
 29759 | Lair:1   | Lost mutation: You are partially covered in yellow scales. (AC +2) [potion of mutation]
 29759 | Lair:1   | Lost mutation: You are weak. (Str -2) [potion of mutation]
 29759 | Lair:1   | Gained mutation: Your spells are a little harder to cast, but a little more powerful. [potion of mutation]
 29759 | Lair:1   | Lost mutation: Your spells are a little harder to cast, but a little more powerful. [potion of mutation]
 29759 | Lair:1   | Gained mutation: Your muscles are strong. (Str +2) [potion of mutation]
 29760 | Lair:1   | Lost mutation: You have a pair of small horns on your head. [potion of mutation]
 29760 | Lair:1   | Lost mutation: Your muscles are strong. (Str +2) [potion of mutation]
 29760 | Lair:1   | Lost mutation: You have a beak for a mouth. [potion of mutation]
 29760 | Lair:1   | Gained mutation: You are somewhat resistant to further mutation. [potion of mutation]
 29760 | Lair:1   | Gained mutation: You are weak. (Str -2) [potion of mutation]
 29858 | D:11     | Found a labyrinth entrance.
 29877 | Lab      | Entered a labyrinth
 30065 | Lab      | Got a twisted ring mail
 30486 | D:11     | Found a staircase to the Orcish Mines.
 31020 | Orc:1    | Entered Level 1 of the Orcish Mines
 31161 | Orc:1    | Noticed a stone giant
 31329 | Orc:1    | Killed a stone giant
 31627 | Orc:2    | Entered Level 2 of the Orcish Mines
 32091 | Orc:2    | Found a staircase to the Elven Halls.
 32481 | Orc:2    | Offered knowledge of Spellforged Servitor by Vehumet.
 34432 | Orc:2    | Reached XP level 15. HP: 90/90 MP: 13/28
 34464 | Orc:2    | Found Punecubu's Magic Scroll Shop.
 34467 | Orc:2    | Found Evuacig's Magic Scroll Boutique.
 34887 | Orc:1    | Noticed an orc warlord
 35029 | D:11     | Offered knowledge of Iron Shot by Vehumet.
 35041 | D:11     | Learned a level 6 spell: Iron Shot
 35314 | Orc:1    | Killed an orc warlord
 35838 | Orc:2    | Paralysed by an orc sorcerer for 2 turns
 36077 | Orc:2    | Found Jetaogoq's Gadget Emporium.
 36077 | Orc:2    | Found Zacom's Antique Armour Shoppe.
 36077 | Orc:2    | Found a one-way gate leading to the halls of Pandemonium.
 36127 | Orc:2    | Bought a twisted leather armour for 210 gold pieces
 36312 | Lair:1   | Identified the cursed +1 leather armour "Ogenith" {Str+3 SInv} (You bought it in a shop on level 2 of the Orcish Mines)
 36671 | Snake:1  | Entered Level 1 of the Snake Pit
 36671 | Snake:1  | Found Weem's Armour Emporium.
 36914 | Snake:1  | Reached skill level 13 in Earth Magic
 36995 | Snake:1  | Noticed Louise
 36997 | Snake:1  | Cast into level 2 of the Abyss (Louise)
 37036 | Abyss:2  | Paralysed by a great orb of eyes for 4 turns
 37190 | Abyss:2  | Mangled by a large abomination

Skill      XL: |  1  2  3  4  5  6  7  8  9 10 11 12 13 14 15 |
---------------+----------------------------------------------+-----
Earth Magic    | 4 5 6 7 8 9 10 11 12 13 | 13.0
Spellcasting   | 3 4 5 6 7 8 9 |  9.9
Conjurations   | 1 2 3 5 6 7 8 9 10 11 | 11.6
Fighting       | 2 3 4 5 7 8 9 |  9.8
Maces & Flails | 1 3 4 5 6 7 8 9 |  9.1
Armour         | 1 3 4 5 |  5.0
Evocations     | 1 2 3 4 5 6 7 8 |  8.2
Dodging        | 2 3 5 6 7 |  7.8
Shields        | 3 4 |  4.0
Fire Magic     | 1 3 4 6 7 8 |  8.6
Stealth        | |  2.1
Transmutations | |  0.7

Action                   |  1- 3 |  4- 6 |  7- 9 | 10-12 | 13-15 || total
-------------------------+-------+-------+-------+-------+-------++-------
Melee: Club              |    21 |       |       |       |       ||    21
       Dagger            |    71 |       |       |       |       ||    71
       Whip              |    70 |    82 |    53 |       |       ||   205
       Dire flail        |       |       |    39 |     6 |       ||    45
       Morningstar       |       |       |       |   299 |    72 ||   371
       Peck              |       |       |       |    46 |    29 ||    75
       Headbutt          |       |       |       |    36 |    32 ||    68
       Flail             |       |       |       |       |   508 ||   508
 Cast: Sandblast         |    11 |    36 |   100 |   135 |   371 ||   653
       Stone Arrow       |       |       |    44 |   161 |   136 ||   341
       Lee's Rapid Decon |       |       |    29 |    29 |    40 ||    98
       Bolt of Magma     |       |       |       |       |    23 ||    23
       Iron Shot         |       |       |       |       |    36 ||    36
 Abil: Fly               |       |       |       |       |     1 ||     1
Evoke: Wand              |       |       |     1 |       |     2 ||     3
  Use: Scroll            |       |     8 |       |     2 |    17 ||    27
       Potion            |       |       |     1 |     1 |     7 ||     9
 Stab: Sleeping          |     6 |     1 |     1 |     1 |       ||     9
       Distracted        |       |       |       |     1 |       ||     1
       Paralysed         |       |       |       |     1 |       ||     1
  Eat: Chunk             |     3 |     8 |    15 |    30 |    43 ||    99
       Bread ration      |     1 |     1 |     2 |     3 |     3 ||    10
       Royal jelly       |       |       |     1 |     1 |     2 ||     4
       Fruit             |       |       |     2 |     6 |     6 ||    14
Armor: Robe              |    61 |    34 |    48 |     4 |       ||   147
       Troll leather arm |       |       |       |   190 |   367 ||   557
Dodge: Dodged            |   108 |    69 |    74 |   237 |   562 ||  1050
Block: Buckler           |       |       |       |    68 |   161 ||   229
